 Dungeon Crawl Stone Soup version 0.26-a0-639-g72c4674329 (webtiles) character file.

Game seed: 1506689282609534854

91 Gottschkopf the Ruffian (level 4, 0/35 HPs)
             Began as a Draconian Transmuter on Sept 15, 2020.
             Killed by nerve-wracking pain
             ... invoked by an orc priest
              (7 damage)
             ... on level 3 of the Dungeon.
             The game lasted 00:03:09 (3034 turns).

Gottschkopf the Ruffian (Draconian Transmuter)      Turns: 3034, Time: 00:03:09

Health: 0/35       AC:  5    Str: 12    XL:     4   Next: 33%
Magic:  2/7        EV: 12    Int: 15    God:
Gold:   139        SH:  0    Dex: 11    Spells: 1/7 levels left

rFire    . . .     SeeInvis .     - Unarmed
rCold    . . .     Faith    .   (no shield)
rNeg     + . .     Spirit   .   (armour unavailable)
rPois    .         Reflect  .   (helmet restricted)
rElec    .         Harm     .   (no cloak)
rCorr    .         Rampage  .   (no gloves)
MR       .....                  (no boots)
Stlth    +.........             (no amulet)
HPRegen  0.11/turn              i - ring of positive energy
MPRegen  0.10/turn              (no ring)

@: wereblooded
A: unfitting armour, cold-blooded, AC +5
a: no special abilities


You were on level 3 of the Dungeon.
You visited 1 branch of the dungeon, and saw 3 of its levels.

You collected 139 gold pieces.

Inventory:

Jewellery
 i - a ring of positive energy (left hand)
Scrolls
 a - 2 scrolls of identify {unknown}
 b - a scroll of teleportation {unknown}
 c - a scroll of enchant weapon {unknown}
 f - a scroll of noise {unknown}
 h - a scroll of fear {unknown}
 j - a scroll of remove curse {unknown}
 k - 2 scrolls of magic mapping {unknown}
Potions
 d - a potion of flight {unknown}
 e - 2 potions of invisibility {unknown}
 g - 2 potions of stabbing {unknown}


   Skills:
 - Level 1.1 Fighting
 - Level 1.7 Dodging
 - Level 4.2 Unarmed Combat
 - Level 2.0 Spellcasting
 * Level 3.0 Transmutations
 + Level 1.3 Poison Magic


You had one spell level left.
You knew the following spells:

 Your Spells              Type           Power        Failure   Level
a - Beastly Appendage     Tmut           ##....       6%          1
b - Spider Form           Tmut/Pois      #.........   26%         3
c - Wereblood             Tmut           ##......     10%         2

Your spell library contained the following spells:

 Spells                   Type           Power        Failure   Level
 Ice Form                 Ice/Tmut       #.......     75%         4
 Blade Hands              Tmut           ##........   86%         5


Dungeon Overview and Level Annotations

Branches:
Dungeon (3/15)

Altars:


Innate Abilities, Weirdness & Mutations

Your plain brown scales are hard. (AC +5)
You cannot fit into any form of body armour.
You are cold-blooded and may be slowed by cold attacks.


Message History

The orc priest hits you with a +0 war axe.
The orc priest invokes the aid of Beogh against you.
Beogh smites you!
* * * LOW HITPOINT WARNING * * *
You hit the orc priest.
The orc priest is poisoned.
The orc priest is moderately wounded.
The orc priest completely misses you. The orc priest misses you.
You hit the orc priest.
The orc priest looks as sick as possible!
The orc priest is heavily wounded.
The orc priest hits you but does no damage.
You barely miss the orc priest.
Your transformation has ended.
You kill the orc priest!
Your Transmutations skill increases to level 3!
Your Poison Magic skill increases to level 1!
You have reached level 4!
You feel clever.
The orc priest mumbles some strange prayers to Beogh against you.
Pain shoots through your body!
You die...

##### ######### #... o.oo....#
##### ###.#############.# #....
....#...........#.# #....
....#.#########.#.# #....
....#.#####....<#.###########)...
................@)...............
....#.#####.....#o###############
....#.###########.##.......#
....#...........#.##.......#
....###########.#.##.......### #
>.............................
#################.##.......######
.(..................#............
#################.#(#.#........##


You could see an orc priest.

Vanquished Creatures
  An orc priest (D:3)
  An ooze (D:2)
  2 worms (D:2)
  2 dart slugs
  An orc (D:2)
  4 giant cockroaches
  2 goblins
  6 hobgoblins
  2 jackals (D:3)
  6 bats
  3 frilled lizards
  9 kobolds
  8 rats
47 creatures vanquished.

Notes
Turn   | Place    | Note
-------+----------+-------------------------------------------
     0 | D:1      | Gottschkopf the Draconian Transmuter began the quest for
                  | the Orb.
     0 | D:1      | Reached XP level 1. HP: 16/16 MP: 3/3
   545 | D:1      | Reached XP level 2. HP: 23/23 MP: 3/5
  1264 | D:2      | Reached skill level 4 in Unarmed Combat
  1556 | D:2      | Reached XP level 3. HP: 4/28 MP: 3/6
  1561 | D:2      | Learned a level 3 spell: Spider Form
  3025 | D:2      | Learned a level 2 spell: Wereblood
  3034 | D:3      | Reached skill level 1 in Poison Magic
  3034 | D:3      | Reached XP level 4. HP: 7/35 MP: 2/7
  3034 | D:3      | Killed from afar by an orc priest

Illustrated notes

Levels and vault maps discovered:
D:1:      lightli_arrival_farm, layout_loops_ring, minmay_tetromino_i2
D:2:      layout_loops_corners
D:3:      layout_basic, uniq_grinder

Skill      XL: |  1  2  3 |
---------------+----------+-----
Unarmed Combat | 4 |  4.2
Transmutations | 3 |  3.0
Poison Magic   | 1 |  1.3
Fighting       | |  1.1
Dodging        | |  1.7
Spellcasting   | |  2.0

Action                   |  1- 3 |  4- 6 || total
-------------------------+-------+-------++-------
Melee: Unarmed           |   113 |       ||   113
       Kick              |    21 |       ||    21
       Headbutt          |     7 |       ||     7
       Tailslap          |    10 |       ||    10
 Cast: Beastly Appendage |    41 |       ||    41
       Spider Form       |     1 |       ||     1
       Wereblood         |     1 |       ||     1
 Stab: Sleeping          |     1 |       ||     1
Armor: Skin              |    34 |       ||    34
Dodge: Dodged            |    72 |       ||    72

Table legend: (Time is in decaauts)
 A = Elapsed time spent in this place.
 B = Non-inter-level travel time spent in this place.
 C = Inter-level travel time spent in this place.
 D = Time resting spent in this place.
 E = Time spent auto-exploring this place.
 F = Levels seen in this place.
 G = Mean time per level.
                   A        B        C        D        E       F      G
               +--------+--------+--------+--------+--------+-----+--------+
         Total |   3051 |   2971 |     80 |    461 |   2173 |   3 | 1017.0 |
       Dungeon |   3051 |   2971 |     80 |    461 |   2173 |   3 | 1017.0 |
               +--------+--------+--------+--------+--------+-----+--------+

Top non-repeatable levels by time:
     D:2: 1365 daAuts
     D:1: 1008 daAuts
     D:3: 677 daAuts
